 Dungeon Crawl Stone Soup version 0.31.0-32-g396128a36d (webtiles) character file.

Game seed: 14065384101604644881

57 Buffagor the Changeling (level 4, -3/28 HPs)
             Began as an Octopode Shapeshifter on Mar 25, 2024.
             Slain by a gnoll
             ... wielding a +0 spear
              (5 damage)
             ... on level 3 of the Dungeon.
             The game lasted 00:02:56 (1783 turns).

Buffagor the Changeling (Octopode Shapeshifter)     Turns: 1783, Time: 00:02:57

Health: -3/28      AC:  1    Str: 13    XL:     4   Next: 0%
Magic:  4/4        EV: 13    Int: 18    God:
Gold:   76         SH:  0    Dex: 13    Spells: 3/3 levels left

rFire   + .          .
                       - Unarmed
rCold   . . .        (no shield)
rNeg    . . .        (helmet currently unavailable)
rPois   .            (no amulet)
rElec   .            f - ring of protection from fire
rCorr   .            v - +6 ring of intelligence
SInv    .            (no ring)
Will    .....        (no ring)
Stlth   ++           (no ring)
HPRegen 0.24/turn    (no ring)
MPRegen 0.09/turn    (no ring)
                     (no ring)

%: no passive effects
@: beast-form
A: beast (slay +2), almost no armour, amphibious, 8 rings, camouflage 1,
gelatinous body 1, (nimble swimmer 1), tentacles
a: Begin Untransformation


You were on level 3 of the Dungeon.
You were a hulking beast.
You visited 1 branch of the dungeon, and saw 3 of its levels.

You collected 76 gold pieces.

Inventory:

Missiles
 d - 3 boomerangs (quivered)
 g - 15 stones
 h - 4 darts of dispersal
 p - 2 atropa-tipped darts
Jewellery
 f - a ring of protection from fire (left tentacle)
 v - a +6 ring of intelligence (right tentacle)
Talismans
 b - a beast talisman
 c - a flux talisman
Scrolls
 e - a scroll of summoning {unknown}
 k - a scroll of fear {unknown}
 l - 2 scrolls of blinking {unknown}
 m - a scroll of poison {unknown}
 q - a scroll of teleportation {unknown}
 r - 2 scrolls of silence {unknown}
 t - a scroll of enchant armour {unknown}
 w - a scroll of identify {unknown}
Potions
 a - a potion of lignification
 i - 2 potions of mutation {unknown}
 j - a potion of invisibility {unknown}
 n - 2 potions of curing {unknown}
 o - a potion of attraction {unknown}
 s - a potion of haste {unknown}
 u - a potion of degeneration {unknown}


   Skills:
 - Level 1.0 Fighting
 - Level 2.0 Dodging
 + Level 3.6 Unarmed Combat
 * Level 4.0 Shapeshifting


You had 3 spell levels left.
You didn't know any spells.
Your spell library was empty.

Dungeon Overview and Level Annotations

Branches:
Dungeon (3/15)

Altars:


Innate Abilities, Weirdness & Mutations

You are a hulking beast.
Your limbs bulge with bestial killing power. (Slay +2)
You cannot wear most types of armour.
You are amphibious.
You can wear up to eight rings at the same time.
Your skin changes colour to match your surroundings (Stealth+).
Your rubbery body absorbs attacks. (AC +1, EV +1)
((You are camouflaged when in or above water. (Stealth+)))
You have tentacles for arms and can constrict up to eight enemies at once.


Message History

A frilled lizard comes into view.
You throw a boomerang. The boomerang hits the frilled lizard.
You kill the frilled lizard!
You see here a frilled lizard corpse. 2 gnolls come into view.
The helpless gnoll fails to defend itself.
You tentacle-slap the gnoll. Your grab misses the gnoll.
The gnoll is moderately wounded.
The gnoll hits you with a +0 spear.
You tentacle-slap the gnoll. You grab the gnoll. You squeeze the gnoll.
You kill the gnoll!
The gnoll shouts!
You hear a shout!
A gnoll comes into view. It is wielding a +0 spear.
Found 16 gold pieces.
The gnoll shouts!
The gnoll hits you with a +0 spear.
The gnoll hits you from afar with a +0 spear!
Things that are here:
a +0 spear; a gnoll corpse You tentacle-slap the gnoll.
You grab the gnoll.
The gnoll is lightly wounded.
You constrict the gnoll. The gnoll barely misses you.
The gnoll hits you from afar with a +0 spear.
* * * LOW HITPOINT WARNING * * *
You tentacle-slap the gnoll but do no damage.
You squeeze the gnoll!
The gnoll is almost dead.
You constrict the gnoll.
You kill the gnoll!
The gnoll barely misses you.
Your Shapeshifting skill increases to level 4!
You have reached level 4!
The gnoll hits you with a +0 spear.
* * * LOW HITPOINT WARNING * * *
Things that are here:
a +0 spear; a gnoll corpse You tentacle-slap the gnoll.
You grab the gnoll.
The gnoll is moderately wounded.
You constrict the gnoll. The gnoll hits you with a +0 spear.
You die...

...#.#.....#
#.....#.#..#
...#.#.....#
#.....#.#†.#
....#.#.)...#
#.....#.#.#
....###.....#
#.....###.# #..##
###..## ###..## #.#
.### ### #..### #.#
#..# ###.. ###..# #.#
†######..### ##.)###
#.# ...#.#.....#
#..h..# .#
...#.#.....#.#...g.#
....#.#.....#.#^....#
....###.....###....$#
##### #.###.# ##.####
#.# # #.# #.# #.#
#.### ... #...#


You could see a gnoll.

Vanquished Creatures
  2 gnolls (D:3)
  A ribbon worm (D:3)
  2 orcs (D:3)
  An endoplasm (D:2)
  3 giant cockroaches
  2 hobgoblins (D:1)
  6 quokkas
  2 ball pythons
  2 bats
  3 frilled lizards
  3 goblins
  3 kobolds (D:2)
  4 rats
34 creatures vanquished.

Notes
Turn   | Place    | Note
-------+----------+-------------------------------------------
     0 | D:1      | Buffagor the Octopode Shapeshifter began the quest for the
                  | Orb.
     0 | D:1      | Reached XP level 1. HP: 13/13 MP: 1/1
    27 | D:1      | Found a faded altar of an unknown god.
   182 | D:1      | Reached XP level 2. HP: 18/18 MP: 2/2
   803 | D:2      | Reached XP level 3. HP: 16/23 MP: 3/3
  1782 | D:3      | Reached skill level 4 in Shapeshifting
  1782 | D:3      | Reached XP level 4. HP: 5/28 MP: 4/4
  1783 | D:3      | Slain by a gnoll

Illustrated notes

Levels and vault maps discovered:
D:1:      onia_arrival_mini_spirals, layout_basic,
          dreamdust_ecumenical_altar_statues
D:2:      layout_basic, corexii_leaking_fountain, grunt_ministairs_9,
          minmay_pentomino_t2
D:3:      layout_loops_ring, grunt_decor_fettered,
          nicolae_houndstooth_variations, uniq_jessica

Skill      XL: |  1  2  3 |
---------------+----------+-----
Shapeshifting  | 4 |  4.0
Fighting       | |  1.0
Dodging        | |  2.0
Unarmed Combat | |  3.6

Action                     |  1- 3 |  4- 6 || total
---------------------------+-------+-------++-------
  Melee: Unarmed           |    32 |     1 ||    33
         Constrict         |    12 |     1 ||    13
         Tentacles         |     7 |       ||     7
  Throw: Boomerang         |    49 |       ||    49
   Stab: Sleeping          |     2 |       ||     2
 Armour: Skin              |    11 |     2 ||    13
  Dodge: Dodged            |    12 |       ||    12
